 Dungeon Crawl Stone Soup version 0.30-a0-964-gd452b5e7fa (webtiles) character file.

Game seed: 4594083079558095686

172 vishdafish the Conjurer (level 5, 25/35 HPs)
             Began as a Demonspawn Conjurer on Mar 31, 2023.
             Quit the game on level 2 of the Dungeon.
             The game lasted 00:00:51 (844 turns).

vishdafish the Conjurer (Demonspawn Conjurer)        Turns: 844, Time: 00:00:52

Health: 25/35      AC:  3    Str:  7    XL:     5   Next: 27%
Magic:  0/10       EV: 12    Int: 21    God:
Gold:   48         SH:  0    Dex: 12    Spells: 10/11 levels left

rFire   . . .      SeeInvis .    j - +2 hand axe (flame)
rCold   . . .      Faith    .    (no shield)
rNeg    . . .      Spirit   .    a - +0 robe
rPois   .          Reflect  .    (helmet restricted)
rElec   .          Rampage  .    (no cloak)
rCorr   .                        l - +0 pair of gloves
Will    .....                    (no boots)
Stlth   ++                       (no amulet)
HPRegen 0.25/turn                (no ring)
MPRegen 0.12/turn                (no ring)

@: no status effects
A: horns 1, spiny 2
a: no special abilities


You were on level 2 of the Dungeon.
You visited 1 branch of the dungeon, and saw 2 of its levels.

You collected 48 gold pieces.

Inventory:

Hand Weapons
 j - a +2 hand axe of flaming (weapon)
Armour
 a - a +0 robe (worn)
 l - a +0 pair of gloves (worn)
Scrolls
 d - a scroll of fog {unknown}
 e - a scroll of vulnerability {unknown}
 f - a scroll of fear {unknown}
 n - a scroll of identify {unknown}
 o - a scroll of amnesia {unknown}
Potions
 b - a potion of magic
 c - 3 potions of cancellation {unknown}
 g - a potion of mutation {unknown}
 h - a potion of curing {unknown}
 i - a potion of attraction {unknown}
 k - 2 potions of heal wounds {unknown}
 m - a potion of haste {unknown}


   Skills:
 - Level 1.7 Dodging
 - Level 1.7 Stealth
 + Level 3.8 Spellcasting
 + Level 5.4 Conjurations


You had 10 spell levels left.
You knew the following spells:

 Your Spells              Type           Power      Damage    Failure   Level
a - Magic Dart            Conj           100%       1d8       1%          1

Your spell library contained the following spells:

 Spells                   Type           Power      Damage    Failure   Level
 Searing Ray              Conj           54%        2d6       1%          2
 Dazzling Flash           Conj/Hex       30%        N/A       12%         3
 Fulminant Prism          Conj/Hex       7%         3d6       36%         4
 Iskenderun's Mystic Bla  Conj/Tloc      15%        2d5       36%         4


Dungeon Overview and Level Annotations

Branches:
Dungeon (2/15)

Altars:


Innate Abilities, Weirdness & Mutations

You have a pair of small horns on your head.
You are mostly covered in sharp spines.


Message History

Where to? (Enter - D:1 @ (x,y), ? - help)
There is a stone staircase leading down here.
You climb downwards.
Found 6 gold pieces.
Found a stone staircase leading down.
There is a stone staircase leading up here.
Sigmund is nearby!
The magic dart hits Sigmund.
Sigmund is lightly wounded.
Sigmund shouts!
The magic dart hits Sigmund.
Sigmund is lightly wounded.
The magic dart hits Sigmund.
Sigmund is moderately wounded.
The magic dart hits Sigmund.
Sigmund is moderately wounded.
Sigmund closely misses you.
The magic dart hits Sigmund.
Sigmund is heavily wounded.
You are out of magic!
You are out of magic!
You are out of magic!
Sigmund barely misses you.
You hit Sigmund. You burn Sigmund.
Sigmund is almost dead.
Sigmund gestures at you while chanting. The puff of flame hits you.
You hit Sigmund. You burn Sigmund.
You kill Sigmund!
Your Spellcasting skill increases to level 3!
Your Conjurations skill increases to level 5!
You have reached level 3!
Your experience leads to an increase in your attributes!
Increase (S)trength, (I)ntelligence, or (D)exterity?
You feel clever. x2; Your demonic ancestry asserts itself...
Sharp spines emerge from parts of your body.
You have reached level 4!
You feel agile.
Your demonic ancestry asserts itself...
Sharp spines emerge from more of your body.
You have reached level 5!
Are you sure you want to abandon this character and quit the game? (Confirm with "yes".)

# .# ##.##
###>$..###
.#####<........
........@.......
#.#####..)....#.
#..#...##
#.....## #.###.#
#.# .# #.. . ##
..


There were no monsters in sight!

Vanquished Creatures
  Sigmund (D:2)
  2 ball pythons (D:1)
  An endoplasm (D:1)
  2 giant cockroaches (D:1)
  2 goblins (D:1)
  A hobgoblin (D:1)
  A bat (D:1)
  A frilled lizard (D:1)
  A kobold (D:1)
  2 rats (D:1)
14 creatures vanquished.

Vanquished Creatures (others)
  4 toadstools (D:1)
4 creatures vanquished.

Grand Total: 18 creatures vanquished

Notes
Turn   | Place    | Note
-------+----------+-------------------------------------------
     0 | D:1      | vishdafish the Demonspawn Conjurer began the quest for the
                  | Orb.
     0 | D:1      | Reached XP level 1. HP: 13/13 MP: 3/3
   298 | D:1      | Gained mutation: You have a pair of small horns on your
                  | head. [demonic ancestry]
   298 | D:1      | Reached XP level 2. HP: 19/19 MP: 1/5
   835 | D:2      | Noticed Sigmund
   843 | D:2      | Killed Sigmund
   844 | D:2      | Reached skill level 5 in Conjurations
   844 | D:2      | Gained mutation: You are partially covered in sharp spines.
                  | [demonic ancestry]
   844 | D:2      | Reached XP level 3. HP: 17/24 MP: 0/8
   844 | D:2      | Gained mutation: You are mostly covered in sharp spines.
                  | [demonic ancestry]
   844 | D:2      | Reached XP level 4. HP: 21/30 MP: 0/9
   844 | D:2      | Reached XP level 5. HP: 25/35 MP: 0/10
   844 | D:2      | Quit the game

Illustrated notes

Levels and vault maps discovered:
D:1:      ldierk_walled_garden_2, layout_basic, dreamdust_wishing_well
D:2:      layout_loops_corners, kennysheep_pointless_box, uniq_sigmund,
          uniq_jessica

Skill      XL: |  1  2 |
---------------+-------+-----
Spellcasting   | 3 |  3.8
Conjurations   | 5 |  5.4
Dodging        | |  1.7
Stealth        | |  1.7

Action                     |  1- 3 |  4- 6 || total
---------------------------+-------+-------++-------
  Melee: Unarmed           |    25 |       ||    25
         Punch             |     1 |       ||     1
         Hand axe          |    16 |       ||    16
   Cast: Magic Dart        |    22 |       ||    22
   Stab: Sleeping          |     1 |       ||     1
 Armour: Robe              |     6 |       ||     6
  Dodge: Dodged            |    36 |       ||    36

Table legend: (Time is in decaauts)
 A = Elapsed time spent in this place.
 B = Non-inter-level travel time spent in this place.
 C = Inter-level travel time spent in this place.
 D = Time resting spent in this place.
 E = Time spent auto-exploring this place.
 F = Levels seen in this place.
 G = Mean time per level.
                   A        B        C        D        E       F      G
               +--------+--------+--------+--------+--------+-----+--------+
         Total |    849 |    780 |     69 |      0 |    653 |   2 |  424.5 |
       Dungeon |    849 |    780 |     69 |      0 |    653 |   2 |  424.5 |
               +--------+--------+--------+--------+--------+-----+--------+

Top non-repeatable levels by time:
     D:1: 839 daAuts
     D:2: 9 daAuts
